AoeStats
← CMD_UnknowN

Arabia

505935255Analyzed
1v1 RM · 20d ago on Sep 11, 2026· 41m 13s· 2 players
Game mode
Random Map
Map size
Tiny (2 player)
Population
200
Speed
Normal
Resources
Standard
Victory
Conquest
Starting age
Dark Age
Ending age
Imperial Age
RankedLock teamsTeams togetherTeam positionsShared explorationLock speedFull tech treeHidden civsTurbo modeCheats
Victory
Defeat
🇺🇸 Sicilians · United States
1225
+13
1162
-13
CMD_UnknowN
7:04 Loom
9:14 Feudal Age
10:13 Double-Bit Axe
16:29 Horse Collar
19:36 Castle Age
18:55 Padded Archer Armor
18:46 Fletching
18:49 Gold Mining
20:32 Bodkin Arrow
20:55 Leather Archer Armor
20:02 Elite Skirmisher
21:46 Bow Saw
26:21 Heavy Plow
34:59 Ballistics
38:45 Imperial Age
36:32 Scale Barding Armor
36:38 Forging
37:16 Bloodlines
37:06 Husbandry
39:03 Wheelbarrow
38:13 Town Watch
39:41 Chain Barding Armor
39:37 Bracer
40:46 Chemistry
39:29 Cavalier
42:11 Plate Barding Armor
FlemishTwoHandedSwordsman
10:51 Feudal Age
13:43 Loom
16:42 Castle Age
14:47 Double-Bit Axe
21:05 Chemistry
30:23 Pikeman
36:50 Man-at-Arms
41:14 Wheelbarrow
Connection lost

Rejoining the realm…

Still unreachable

The connection could not be restored.

Session expired

The server has moved on; the page needs a fresh start.